[Event "Titled Tuesday Blitz March 01 Early 2022"]
[White "Tymrakiewicz, Rafal"]
[Black "Muradov, Soltan"]
[WhiteFideId "1108832"]
[BlackFideId "14002108"]
[WhiteElo "2205"]
[BlackElo "1854"]
[Result "1/2-1/2"]
[Round "04"]
[TimeControl "180+1"]
[Date "2022.03.01"]
[WhiteClock "0:00:06"]
[BlackClock "0:00:08"]

1. d4 Nf6 2. Bg5 e6 3. Nd2 d5 4. e3 Be7 5. Bd3 b6 6. Qe2 Bb7 7. Bxf6 Bxf6 8. f4 Nc6 9. c3 g6 10. Ngf3 Ne7 11. Ne5 Bg7 12. O-O f6 13. Ng4 O-O 14. Rf3 Nf5 15. Rh3 Qd7 16. Nf2 Rae8 17. g4 Nd6 18. Nf3 e5 19. fxe5 fxe5 20. dxe5 Bxe5 21. Ng5 Re7 22. Rf1 Bf6 23. Nf3 Rfe8 24. Nd1 Nc4 25. Bxc4 dxc4 26. Qxc4+ Kh8 27. Rg3 Be4 28. Nd4 Bg5 29. Nf2 Bb7 30. e4 Bh4 31. Re3 Bxf2+ 32. Rxf2 Qxg4+ 33. Rg3 Qd1+ 34. Qf1 Qh5 35. Rf8+ Kg7 36. Qf6+ Kh6 37. Qf4+ Kg7 38. Qf6+ Kh6 39. Qf4+ Kg7 40. Qf6+ 1/2-1/2


[Site "https://www.chess.com"]

[Event "Titled Tuesday Blitz March 01 Early 2022"]
[White "Urbina Perez, Juan Antonio"]
[Black "Prieto Aranguren, Alain"]
[WhiteFideId "2217368"]
[BlackFideId "2268906"]
[WhiteElo "2192"]
[BlackElo "2235"]
[Result "1-0"]
[Round "04"]
[TimeControl "180+1"]
[Date "2022.03.01"]
[WhiteClock "0:00:16"]
[BlackClock "0:00:03"]

1. e4 c6 2. d4 d5 3. Nd2 dxe4 4. Nxe4 Nf6 5. Nxf6+ gxf6 6. g3 Qd5 7. Nf3 Bg4 8. Bg2 Qe4+ 9. Qe2 Qxe2+ 10. Kxe2 Nd7 11. h3 Bh5 12. Re1 e6 13. Kf1 Bg6 14. c3 Bd6 15. Nh4 O-O-O 16. Nxg6 hxg6 17. h4 Rde8 18. Be3 Nb6 19. b3 Nd5 20. Bd2 f5 21. c4 Nf6 22. Bc3 Ng4 23. d5 e5 24. dxc6 bxc6 25. Bxc6 Rd8 26. Bf3 Rhe8 27. Kg2 e4 28. Be2 Bc5 29. Bxg4 fxg4 30. Rad1 f5 31. b4 Bb6 32. c5 Bc7 33. Bf6 Rxd1 34. Rxd1 Re6 35. Bg5 Ra6 36. Rd2 Be5 37. Bf4 Bc3 38. Rc2 Bxb4 39. c6 Ba5 40. Kf1 Bc7 41. Be3 Bb6 42. Bg5 Bd8 43. Be3 Bb6 44. Bxb6 Rxb6 45. h5 gxh5 46. Rc5 Kc7 47. Rxf5 Kxc6 48. Rxh5 Rb1+ 49. Kg2 Rb2 50. Re5 Rxa2 51. Rxe4 a5 52. Rxg4 a4 53. Rg8 a3 54. Ra8 Kd5 55. g4 Ke4 56. Kg3 Ra1 57. Ra4+ Ke5 58. f4+ Ke6 59. Kh4 a2 60. Kg5 Kf7 61. f5 Ke7 62. Ra7+ Ke8 63. f6 Kd8 64. Kg6 Rg1 65. Rxa2 Rxg4+ 66. Kf7 Kd7 67. Rd2+ Kc6 68. Ke6 Re4+ 69. Kf5 Re1 70. f7 Rf1+ 71. Ke6 Re1+ 72. Kf6 Rf1+ 73. Kg7 Rg1+ 74. Kf8 Rg2 75. Rxg2 1-0


[Site "https://www.chess.com"]

[Event "Titled Tuesday Blitz March 01 Early 2022"]
[White "Urbina Quiroz, Edwin"]
[Black "Iskusnyh, Sergei"]
[WhiteFideId "6500650"]
[BlackFideId "4120027"]
[WhiteElo "2130"]
[BlackElo "2492"]
[Result "0-1"]
[Round "04"]
[TimeControl "180+1"]
[Date "2022.03.01"]
[WhiteClock "0:02:12"]
[BlackClock "0:02:09"]

1. e4 e6 2. d4 d5 3. e5 c5 4. c3 Nc6 5. Nf3 Nh6 6. Bd3 Nf5 7. Bxf5 exf5 8. Na3 cxd4 9. cxd4 Be7 10. h4 h6 11. Nc2 Be6 12. h5 Rc8 13. Be3 Qa5+ 14. Qd2 Nb4 0-1


[Site "https://www.chess.com"]

[Event "Titled Tuesday Blitz March 01 Early 2022"]
[White "Valle Maytin, Luis Enrique"]
[Black "Golubenko, Valentina"]
[WhiteFideId "3503666"]
[BlackFideId "4501993"]
[WhiteElo "2046"]
[BlackElo "2164"]
[Result "0-1"]
[Round "04"]
[TimeControl "180+1"]
[Date "2022.03.01"]
[WhiteClock "0:00:14"]
[BlackClock "0:00:05"]

1. e4 e6 2. d4 d5 3. Bd3 c5 4. exd5 exd5 5. dxc5 Bxc5 6. Ne2 Nf6 7. O-O O-O 8. c3 h6 9. Nd2 Nc6 10. Nb3 Bd6 11. Be3 Qc7 12. Ned4 Bxh2+ 13. Kh1 a6 14. g3 Bxg3 15. fxg3 Qxg3 16. Qf3 Qh4+ 17. Kg2 Ng4 18. Rh1 Qe7 19. Rae1 Nce5 20. Qd1 Qf6 21. Rhf1 Qd6 22. Bf4 f5 23. Nf3 Qg6 24. Nh4 Qh5 25. Bxe5 Qxh4 26. Bg3 Qg5 27. Rf4 h5 28. Nd4 Bd7 29. Nf3 Qg6 30. Ne5 Nxe5 31. Rxe5 Rae8 32. Qe2 Bc6 33. Kh2 Bd7 34. Qe3 Qf6 35. Rxe8 Rxe8 36. Qd4 Qf7 37. Qf2 g5 38. Rxf5 Bxf5 39. Bxf5 Rf8 40. Qe2 Qxf5 41. Qxh5 Qc2+ 42. Kh3 Qf5+ 43. Qg4 Qxg4+ 44. Kxg4 Re8 45. a3 Re2 46. b4 Rc2 47. Be5 Kf7 48. a4 Ke6 49. Bd4 Rg2+ 50. Kf3 Ra2 51. a5 Kf5 52. Kg3 g4 53. Bh8 Rd2 54. Bg7 Rd3+ 55. Kh4 Rh3# 0-1


[Site "https://www.chess.com"]

[Event "Titled Tuesday Blitz March 01 Early 2022"]
[White "Vetokhin, Ilia"]
[Black "Gelman, Alexander"]
[WhiteFideId "24156078"]
[BlackFideId "4118316"]
[WhiteElo "1897"]
[BlackElo "2375"]
[Result "0-1"]
[Round "04"]
[TimeControl "180+1"]
[Date "2022.03.01"]
[WhiteClock "0:00:01"]
[BlackClock "0:00:28"]

1. d4 Nf6 2. c4 c5 3. d5 b5 4. cxb5 a6 5. b6 d6 6. Nc3 Nbd7 7. a4 Qxb6 8. a5 Qb7 9. e4 g6 10. f4 Bg7 11. Nf3 O-O 12. Bc4 Ne8 13. O-O Nc7 14. Qd3 Rb8 15. Re1 Nb5 16. Be3 Nf6 17. h3 Nh5 18. g4 Nf6 19. Bf2 h5 20. e5 Nh7 21. e6 hxg4 22. hxg4 fxe6 23. Ne2 e5 24. Qxg6 exf4 25. Bd3 Nf6 26. g5 Qxd5 27. gxf6 Rxf6 28. Qh7+ Kf8 29. Bh4 Qxf3 30. Bxf6 Bxf6 31. Be4 Qg4+ 32. Kf1 Nd4 33. Nxd4 Bxd4 34. Bg2 Bf6 35. Qe4 Rxb2 36. Qf3 Qh4 37. Rad1 Bg4 38. Qd3 f3 0-1


[Site "https://www.chess.com"]

[Event "Titled Tuesday Blitz March 01 Early 2022"]
[White "Vivas Zamora, Fabian Ernesto"]
[Black "Samarth, J Rao"]
[WhiteFideId "3902480"]
[BlackFideId "46652370"]
[WhiteElo "1966"]
[BlackElo "1514"]
[Result "0-1"]
[Round "04"]
[TimeControl "180+1"]
[Date "2022.03.01"]
[WhiteClock "0:00:01"]
[BlackClock "0:01:12"]

1. c4 c5 2. Nf3 Nc6 3. d4 cxd4 4. Nxd4 Nf6 5. Nc3 g6 6. Nc2 Bg7 7. e4 d6 8. Be2 O-O 9. O-O Be6 10. Be3 a5 11. Qd2 a4 12. Bh6 Qa5 13. Bxg7 Kxg7 14. b4 Nxb4 15. Nxb4 Qxb4 16. Rab1 Qa5 17. Rxb7 Rac8 18. Rb5 Qc7 19. Nd5 Bxd5 20. exd5 Rb8 21. Rfb1 Rxb5 22. Rxb5 Rc8 23. Qb4 Qa7 24. Rb6 Rc7 25. h3 Nd7 26. Rb5 Ne5 27. Qc3 f6 28. Kf1 Qa6 29. Ra5 Qb6 30. Rb5 Qxb5 0-1


[Site "https://www.chess.com"]

[Event "Titled Tuesday Blitz March 01 Early 2022"]
[White "Voege, Tobias"]
[Black "Putri, Regita Desyari"]
[WhiteFideId "1270513"]
[BlackFideId "7109083"]
[WhiteElo "2335"]
[BlackElo "1930"]
[Result "1-0"]
[Round "04"]
[TimeControl "180+1"]
[Date "2022.03.01"]
[WhiteClock "0:00:22"]
[BlackClock "0:00:17"]

1. e4 e5 2. Nf3 Nc6 3. d4 exd4 4. Nxd4 Bc5 5. Be3 Qf6 6. Nb5 Bxe3 7. fxe3 Qh4+ 8. g3 Qxe4 9. Nxc7+ Kd8 10. Nxa8 Qxh1 11. Qd6 Nf6 12. Nd2 Qd5 13. Qc7+ Ke7 14. O-O-O Qe5 15. Nc4 Qxc7 16. Nxc7 a6 17. a4 Rd8 18. Nd6 Ne5 19. h3 g6 20. Bg2 Nc6 21. Na8 Ne8 22. Nc4 d6 23. Nab6 Be6 24. h4 f6 25. Bd5 Nc7 26. Bxc6 bxc6 27. Na5 Bd7 28. Nxd7 Kxd7 29. Nb7 Rb8 30. Nxd6 Ke6 31. Ne4 a5 32. Rd6+ Ke7 33. Rxc6 Nd5 34. Nc5 Kf7 35. e4 Ne7 36. Rc7 f5 37. exf5 gxf5 38. c3 Kf6 39. Nd7+ Ke6 40. Nxb8 Kd6 41. Rd7+ Ke6 42. Rxe7+ Kxe7 43. Nc6+ 1-0


[Site "https://www.chess.com"]

[Event "Titled Tuesday Blitz March 01 Early 2022"]
[White "Vokhidov, Shamsiddin"]
[Black "Vlassov, Nikolai"]
[WhiteFideId "14204223"]
[BlackFideId "4103360"]
[WhiteElo "2611"]
[BlackElo "2407"]
[Result "1/2-1/2"]
[Round "04"]
[TimeControl "180+1"]
[Date "2022.03.01"]
[WhiteClock "0:00:15"]
[BlackClock "0:00:09"]

1. e4 Nc6 2. Nf3 d5 3. exd5 Qxd5 4. Nc3 Qa5 5. d4 Bg4 6. Bb5 O-O-O 7. Bxc6 bxc6 8. h3 Qh5 9. Qd3 Bxf3 10. gxf3 e5 11. d5 cxd5 12. Nxd5 Ne7 13. Qa6+ Kd7 14. Qa4+ Kc8 15. Nxe7+ Bxe7 16. Qa6+ Kd7 17. Ke2 Bd6 18. Be3 Ke7 19. Rhg1 e4 20. Ke1 Qxf3 21. Rxg7 Qh1+ 22. Qf1 Qxf1+ 23. Kxf1 Be5 24. Bg5+ Ke6 25. Bxd8 Bxg7 26. Bxc7 Rc8 27. Bf4 Rxc2 28. Rd1 Rxb2 29. Rd6+ Kf5 30. Be3 Rxa2 31. Rd7 Ke6 32. Rxa7 Rxa7 33. Bxa7 f5 34. f3 Ke5 35. Kf2 Bf8 36. fxe4 Kxe4 37. Kg2 f4 38. Kf2 Bg7 39. Ke2 Bd4 40. Bb8 f3+ 41. Kf1 Kf5 42. Bg3 Be5 43. Bf2 Kf4 44. Bh4 Bd4 45. Be1 Be3 46. Bh4 h5 47. Be1 Bd4 48. Bh4 Be3 49. Be1 Bd4 50. Bh4 Be3 1/2-1/2


[Site "https://www.chess.com"]

[Event "Titled Tuesday Blitz March 01 Early 2022"]
[White "Volkov, Maksim"]
[Black "Matinian, Nikita"]
[WhiteFideId "54123070"]
[BlackFideId "24129100"]
[WhiteElo "2081"]
[BlackElo "2422"]
[Result "1-0"]
[Round "04"]
[TimeControl "180+1"]
[Date "2022.03.01"]
[WhiteClock "0:00:09"]
[BlackClock "0:00:02"]

1. d4 Nf6 2. c4 e6 3. g3 Bb4+ 4. Bd2 a5 5. Bg2 O-O 6. Nf3 d5 7. Qc2 dxc4 8. Qxc4 Nbd7 9. Bxb4 Nb6 10. Qb3 axb4 11. Qxb4 Nfd5 12. Qb3 Bd7 13. O-O Ba4 14. Qa3 Bb5 15. Qc5 Bxe2 16. Rc1 Qf6 17. Nbd2 Rfd8 18. Ne4 Qh6 19. b3 Bxf3 20. Bxf3 Nd7 21. Qc4 N7f6 22. Nc5 b6 23. Nd3 Rac8 24. b4 c6 25. a4 Qg5 26. a5 bxa5 27. bxa5 Qf5 28. Ne5 c5 29. Kg2 h5 30. h4 Ng4 31. Nxg4 hxg4 32. Bxd5 exd5 33. Qc2 Qf3+ 34. Kg1 Re8 35. Qc3 Qf5 36. dxc5 Re2 37. Qd4 Rce8 38. Rf1 R8e4 39. Qd3 Qe5 40. a6 R4e3 41. Qxe2 Rxe2 42. a7 d4 43. a8=Q+ Kh7 44. c6 Re3 45. c7 Rc3 46. c8=Q Rxc8 47. Qxc8 1-0


[Site "https://www.chess.com"]

[Event "Titled Tuesday Blitz March 01 Early 2022"]
[White "Vusatiuk, Vladimir"]
[Black "Dronavalli, Harika"]
[WhiteFideId "14118610"]
[BlackFideId "5015197"]
[WhiteElo "2157"]
[BlackElo "2382"]
[Result "1/2-1/2"]
[Round "04"]
[TimeControl "180+1"]
[Date "2022.03.01"]
[WhiteClock "0:00:04"]
[BlackClock "0:00:13"]

1. d4 Nf6 2. c4 c5 3. d5 e6 4. Nc3 exd5 5. cxd5 d6 6. e4 g6 7. f4 Bg7 8. Bb5+ Nfd7 9. a4 O-O 10. Nf3 Na6 11. O-O Nb4 12. Re1 a6 13. Bf1 Re8 14. Be3 Nf6 15. Bf2 Nh5 16. g3 Bg4 17. Rc1 f5 18. h3 Bxf3 19. Qxf3 fxe4 20. Rxe4 Rxe4 21. Qxe4 Qf8 22. Re1 Nf6 23. Qe6+ Kh8 24. Qe7 Nfxd5 25. Nxd5 Nxd5 26. Qxb7 Nb4 27. b3 Rb8 28. Qc7 Rc8 29. Qd7 Rd8 30. Qe6 Nc2 31. Rd1 Bd4 32. Bxa6 Bxf2+ 33. Kxf2 Nd4 34. Qe4 Re8 35. Qd5 Qe7 36. h4 Qe3+ 37. Kg2 Nf5 38. Qd3 Qe7 39. Qc3+ Nd4 40. Rxd4 cxd4 41. Qxd4+ Qg7 42. Qxd6 Qb2+ 43. Kh3 Qa1 44. Bd3 Qh1+ 45. Kg4 Qa1 46. h5 Qd1+ 47. Kh3 Qxh5+ 48. Kg2 Re2+ 49. Bxe2 Qxe2+ 50. Kg1 Qe1+ 51. Kg2 Qe2+ 52. Kh3 Qh5+ 53. Kg2 Qe2+ 1/2-1/2


[Site "https://www.chess.com"]

[Event "Titled Tuesday Blitz March 01 Early 2022"]
[White "Wachinger, Guenther"]
[Black "Vifleemskaia, Svetlana"]
[WhiteFideId "4604261"]
[BlackFideId "4129490"]
[WhiteElo "2212"]
[BlackElo "1901"]
[Result "1-0"]
[Round "04"]
[TimeControl "180+1"]
[Date "2022.03.01"]
[WhiteClock "0:02:01"]
[BlackClock "0:00:03"]

1. e4 e5 2. Nf3 Nc6 3. Nc3 Nf6 4. a3 Be7 5. d4 exd4 6. Nxd4 O-O 7. Nxc6 bxc6 8. Bd3 d5 9. O-O d4 10. Ne2 c5 11. f4 Ng4 12. h3 Ne3 13. Bxe3 dxe3 14. Bc4 Bb7 15. Qd3 Qxd3 16. cxd3 Bf6 17. Nc3 Bd4 18. Rfe1 a5 19. Kf1 Ba6 20. Ke2 Rfb8 21. Rab1 g6 22. Rec1 Rb6 23. Nd5 Rb7 24. Nxe3 Rxb2+ 25. Rxb2 Bxb2 26. Rb1 Bxa3 27. Nd5 c6 28. Nc7 Bxc4 29. Nxa8 Bb5 30. Nc7 Bb4 31. Nxb5 cxb5 32. e5 Kf8 33. Kf3 Ke7 34. Ke4 Ke6 35. d4 c4 36. d5+ Kd7 37. Kd4 c3 38. Kd3 Kc7 39. g4 Kb6 40. f5 Kc5 41. e6 fxe6 42. dxe6 1-0


[Site "https://www.chess.com"]

[Event "Titled Tuesday Blitz March 01 Early 2022"]
[White "Wagner, Dennis"]
[Black "Bethke, Richard"]
[WhiteFideId "24650684"]
[BlackFideId "12959243"]
[WhiteElo "2355"]
[BlackElo "2522"]
[Result "1-0"]
[Round "04"]
[TimeControl "180+1"]
[Date "2022.03.01"]
[WhiteClock "0:00:10"]
[BlackClock "0:00:01"]

1. e4 c5 2. Nf3 d6 3. Bb5+ Bd7 4. c4 Nf6 5. Nc3 g6 6. O-O Bg7 7. d4 cxd4 8. Nxd4 O-O 9. Bxd7 Nbxd7 10. h3 Qb6 11. Nde2 Nc5 12. Qc2 Qb4 13. b3 Rfe8 14. Bd2 Qb6 15. Rab1 a5 16. Be3 Qc6 17. Rfd1 Nfxe4 18. Nd5 e6 19. Ndf4 Rad8 20. Nd4 Bxd4 21. Bxd4 e5 22. Bxc5 dxc5 23. Nd5 Nf6 24. Ne7+ Rxe7 25. Rxd8+ Kg7 26. Rbd1 Re6 27. Qc3 Nh5 28. Ra8 Nf4 29. Qf3 Qxf3 30. gxf3 b6 31. h4 Ne2+ 32. Kg2 Nd4 33. Rb8 Rf6 34. Rd3 Re6 35. h5 gxh5 36. Re3 f6 37. f4 Nf5 38. Re1 h4 39. fxe5 fxe5 40. Re4 Nd4 41. Rxh4 Rg6+ 42. Kf1 Nf3 43. Rh3 Nd2+ 44. Ke2 Ne4 45. Re3 Rg4 46. Rb7+ Kg6 47. Rxb6+ Kf5 48. f3 Rg2+ 49. Kf1 Rf2+ 50. Ke1 Rxa2 51. Rxe4 1-0


[Site "https://www.chess.com"]

[Event "Titled Tuesday Blitz March 01 Early 2022"]
[White "Warmerdam, Max"]
[Black "Mirzoev, Azer"]
[WhiteFideId "1048104"]
[BlackFideId "13400304"]
[WhiteElo "2537"]
[BlackElo "2525"]
[Result "1-0"]
[Round "04"]
[TimeControl "180+1"]
[Date "2022.03.01"]
[WhiteClock "0:00:19"]
[BlackClock "0:00:10"]

1. e4 e6 2. d4 d5 3. Nc3 dxe4 4. Nxe4 Bd7 5. Nf3 Bc6 6. Bd3 Nd7 7. O-O Ngf6 8. Ned2 Be7 9. Nc4 Bb5 10. a4 Ba6 11. c3 O-O 12. b4 b6 13. Nce5 Bb7 14. Re1 Nxe5 15. Nxe5 Qd5 16. Bf1 Rfd8 17. a5 Rab8 18. Bf4 h6 19. h3 Bf8 20. Re3 Rdc8 21. Rg3 Ne4 22. Qh5 Nxg3 23. Qxf7+ Kh8 24. Bxg3 Bd6 25. Qg6 Rf8 26. f3 Rf6 27. Qg4 Bxe5 28. Bxe5 Rf7 29. Qg6 Kg8 30. Bd3 Re8 31. Qh7+ Kf8 32. Bg6 Qd7 33. Bxg7+ Rxg7 34. Qh8+ Rg8 35. Qf6+ 1-0


[Site "https://www.chess.com"]

[Event "Titled Tuesday Blitz March 01 Early 2022"]
[White "Yilmaz, Mustafa"]
[Black "Obolenskikh, Dmitry"]
[WhiteFideId "6302718"]
[BlackFideId "4156013"]
[WhiteElo "2568"]
[BlackElo "2512"]
[Result "0-1"]
[Round "04"]
[TimeControl "180+1"]
[Date "2022.03.01"]
[WhiteClock "0:00:17"]
[BlackClock "0:00:31"]

1. c4 e6 2. Nc3 d5 3. d4 c6 4. e3 Nf6 5. Nf3 Nbd7 6. Qc2 Bd6 7. Bd3 dxc4 8. Bxc4 O-O 9. O-O b5 10. Be2 Bb7 11. Rd1 Qe7 12. e4 e5 13. dxe5 Nxe5 14. Nd4 Bc5 15. Nf5 Qe6 16. Be3 Bxe3 17. Nxe3 Ng6 18. Nf5 Rfd8 19. b4 c5 20. f3 cxb4 21. Nxb5 Qb6+ 22. Kh1 Rac8 23. Rxd8+ Rxd8 24. Rd1 Rxd1+ 25. Qxd1 h5 26. Nbd6 Ba6 27. h4 Bxe2 28. Qxe2 Qc5 29. Qd1 Nf4 30. Ne7+ Kh7 31. Ndf5 g6 32. Nd6 Qf2 33. Nxf7 Qxg2# 0-1


[Site "https://www.chess.com"]

[Event "Titled Tuesday Blitz March 01 Early 2022"]
[White "Yuan, Qingyu"]
[Black "Kouskoutis, Georgios-Alexandros"]
[WhiteFideId "8609772"]
[BlackFideId "4234049"]
[WhiteElo "2359"]
[BlackElo "2130"]
[Result "1-0"]
[Round "04"]
[TimeControl "180+1"]
[Date "2022.03.01"]
[WhiteClock "0:00:27"]
[BlackClock "0:00:02"]

1. e4 c5 2. Nf3 e6 3. d4 cxd4 4. Nxd4 Nc6 5. Nc3 Qc7 6. Be3 a6 7. a3 b5 8. Nxc6 Qxc6 9. Bd3 Bb7 10. O-O Nf6 11. Qf3 h5 12. Rad1 Ng4 13. Bf4 Be7 14. Qg3 g5 15. Bc1 Bd6 16. f4 O-O-O 17. e5 Bc5+ 18. Kh1 gxf4 19. Bxf4 Rdg8 20. Be4 Qxe4 21. Nxe4 Bxe4 22. Qc3 Bc6 23. Qxc5 h4 24. h3 Nh6 25. Bxh6 Rxh6 26. Rd6 1-0


[Site "https://www.chess.com"]

[Event "Titled Tuesday Blitz March 01 Early 2022"]
[White "Yurtseven, Melih"]
[Black "Weetik, Vjacheslav"]
[WhiteFideId "6312160"]
[BlackFideId "4153472"]
[WhiteElo "2160"]
[BlackElo "2469"]
[Result "1-0"]
[Round "04"]
[TimeControl "180+1"]
[Date "2022.03.01"]
[WhiteClock "0:00:36"]
[BlackClock "0:00:03"]

1. Nf3 Nf6 2. g3 d5 3. Bg2 c6 4. O-O Bg4 5. b3 Nbd7 6. Bb2 e6 7. d3 Be7 8. Nbd2 a5 9. a3 O-O 10. c4 Qb8 11. Qb1 Re8 12. e4 dxe4 13. dxe4 e5 14. Bc3 Bf8 15. b4 a4 16. Qb2 b5 17. Rfe1 Qc7 18. c5 h6 19. h3 Bh5 20. Nf1 Bxf3 21. Bxf3 g6 22. Ne3 h5 23. Rad1 h4 24. gxh4 Bh6 25. Ng2 Re6 26. Bg4 Re7 27. Rd6 Bg7 28. Red1 Nf8 29. f3 Rae8 30. Ne3 Nxg4 31. Nxg4 Ne6 32. Bxe5 Bxe5 33. Qxe5 Ng5 34. Qxg5 1-0


[Site "https://www.chess.com"]

[Event "Titled Tuesday Blitz March 01 Early 2022"]
[White "Zainullina, Nataliya"]
[Black "Roux, Baptiste"]
[WhiteFideId "4145488"]
[BlackFideId "36017450"]
[WhiteElo "2027"]
[BlackElo "1935"]
[Result "1-0"]
[Round "04"]
[TimeControl "180+1"]
[Date "2022.03.01"]
[WhiteClock "0:00:39"]
[BlackClock "0:00:02"]

1. Nf3 d5 2. g3 Nf6 3. Bg2 g6 4. O-O Bg7 5. d3 O-O 6. Nbd2 Nbd7 7. e4 dxe4 8. dxe4 Nc5 9. Re1 c6 10. Qe2 h6 11. h3 Be6 12. a4 a5 13. Ne5 Nh5 14. Nec4 Bd4 15. Kh2 Qc7 16. e5 Bxc4 17. Nxc4 b5 18. axb5 cxb5 19. Na3 Rab8 20. c3 Nb3 21. Rb1 Bc5 22. Be3 Bxe3 23. Qxe3 Kh7 24. Rbd1 Ng7 25. Nc2 Nf5 26. Qe2 e6 27. Nd4 Nbxd4 28. cxd4 Rfd8 29. d5 exd5 30. Bxd5 Re8 31. f4 Rbd8 32. Be4 Nd4 33. Qe3 Qc5 34. Qc3 Qxc3 35. bxc3 Ne6 36. Rd6 Rxd6 37. exd6 Rd8 38. Ra1 a4 39. Bc6 Rxd6 40. Bxb5 Rb6 41. Bxa4 Ra6 42. Ra2 Nc5 43. Bb3 Rxa2+ 44. Bxa2 Kg7 45. Kg2 f5 46. Kf3 Kf6 47. Ke3 Ke7 48. Bd5 Kd6 49. Bf7 g5 50. fxg5 hxg5 51. h4 gxh4 52. gxh4 Ke5 53. c4 Nd7 54. h5 Kf6 55. Bg6 Kg5 56. Be8 Nc5 57. Kf3 f4 58. Bf7 Nd7 59. Bd5 Ne5+ 60. Ke4 Nd7 61. Bf7 Nf6+ 62. Kf3 Nd7 63. Be6 Ne5+ 64. Ke4 f3 65. Bh3 Kxh5 66. Kxe5 Kg5 67. Bf1 Kg6 68. Ke6 Kg7 69. c5 Kf8 70. Kd7 1-0


[Site "https://www.chess.com"]

[Event "Titled Tuesday Blitz March 01 Early 2022"]
[White "Zaksaite, Salomeja"]
[Black "Dauner, Benedikt"]
[WhiteFideId "12801496"]
[BlackFideId "16225899"]
[WhiteElo "2002"]
[BlackElo "2230"]
[Result "0-1"]
[Round "04"]
[TimeControl "180+1"]
[Date "2022.03.01"]
[WhiteClock "0:00:01"]
[BlackClock "0:00:28"]

1. e4 c5 2. Nf3 e6 3. d4 cxd4 4. Nxd4 Nf6 5. Nc3 Bb4 6. Bd3 Nc6 7. Nxc6 bxc6 8. Bd2 d5 9. exd5 cxd5 10. O-O O-O 11. Qf3 Rb8 12. Bg5 h6 13. Bh4 Be7 14. b3 Bb7 15. Qe2 Rc8 16. Na4 Bc6 17. Nb2 Re8 18. c4 Bb7 19. Rfd1 Qa5 20. cxd5 Bxd5 21. Nc4 Qc7 22. Rac1 Qb7 23. Ne3 Bc6 24. Ba6 Qb6 25. Bxc8 Rxc8 26. Nc4 Qa6 27. Qb2 Bd5 28. Ne3 Bc6 29. Nc4 Bd5 30. Ne3 Bc6 31. h3 Ba3 32. Qd2 Bxc1 33. Rxc1 Nd5 34. Nxd5 Bxd5 35. Rxc8+ Qxc8 36. Bg3 Qa6 37. Be5 Qb5 38. Bc3 f6 39. Qd4 Qe2 40. Qxa7 Qe4 0-1


[Site "https://www.chess.com"]

[Event "Titled Tuesday Blitz March 01 Early 2022"]
[White "Zavivaeva, Emilia"]
[Black "Odegov, Artem"]
[WhiteFideId "34127531"]
[BlackFideId "34183644"]
[WhiteElo "1685"]
[BlackElo "2277"]
[Result "0-1"]
[Round "04"]
[TimeControl "180+1"]
[Date "2022.03.01"]
[WhiteClock "0:00:02"]
[BlackClock "0:01:24"]

1. e4 e6 2. d4 d5 3. Nc3 Bb4 4. exd5 exd5 5. Bd2 Nf6 6. Nf3 O-O 7. Be2 Bg4 8. O-O Nc6 9. a3 Be7 10. Ne5 Bxe2 11. Nxe2 Nxe5 12. dxe5 Ne4 13. Bf4 c6 14. f3 Qb6+ 15. Nd4 Bc5 16. Be3 Ng5 17. b4 Be7 18. Nf5 Qd8 19. Nxe7+ Qxe7 20. f4 Ne4 21. Qd4 b6 22. c4 Rad8 23. cxd5 cxd5 24. Rac1 Qe6 25. Rf3 Rc8 26. Rxc8 Rxc8 27. f5 Qc6 28. g3 Qc4 29. Kg2 Qe2+ 30. Bf2 Rc1 31. Kh3 Qxf3 0-1


[Site "https://www.chess.com"]

[Event "Titled Tuesday Blitz March 01 Early 2022"]
[White "Aaditya Dhingra"]
[Black "Dziththauly, Ramadhan"]
[WhiteFideId "25678191"]
[BlackFideId "7105525"]
[WhiteElo "1789"]
[BlackElo "2593"]
[Result "1-0"]
[Round "05"]
[TimeControl "180+1"]
[Date "2022.03.01"]
[WhiteClock "0:00:58"]
[BlackClock "0:00:06"]

1. Nf3 c5 2. g3 d5 3. Bg2 Nc6 4. c4 d4 5. O-O e5 6. d3 Nf6 7. e3 Be7 8. exd4 exd4 9. Re1 O-O 10. Bg5 h6 11. Bxf6 Bxf6 12. Nbd2 Bf5 13. Ne4 Be7 14. a3 Re8 15. Qd2 Qc7 16. h3 Rad8 17. g4 Bg6 18. Nh2 f5 19. gxf5 Bxf5 20. Ng3 Bg6 21. Bd5+ Kh7 22. Nf3 Bd6 23. Kg2 Bf4 24. Qc2 Ne5 25. Nxe5 Rxe5 26. Rxe5 Bxe5 27. Re1 Rf8 28. Qe2 Bxg3 29. fxg3 Re8 30. Qd2 Rxe1 31. Qxe1 Bxd3 32. Qe8 Bxc4 33. Bxc4 Qc6+ 34. Qxc6 bxc6 35. Kf3 Kg6 36. Kf4 Kf6 37. h4 g5+ 38. hxg5+ hxg5+ 39. Ke4 a5 40. b3 Ke7 41. Kf5 Kd6 42. g4 d3 43. Bxd3 c4 44. Bxc4 Kc5 45. a4 1-0


[Site "https://www.chess.com"]

[Event "Titled Tuesday Blitz March 01 Early 2022"]
[White "Abdyzhapar, Asylbek"]
[Black "Paravyan, David"]
[WhiteFideId "13800337"]
[BlackFideId "4194985"]
[WhiteElo "2331"]
[BlackElo "2569"]
[Result "0-1"]
[Round "05"]
[TimeControl "180+1"]
[Date "2022.03.01"]
[WhiteClock "0:00:11"]
[BlackClock "0:00:09"]

1. d4 Nf6 2. c4 g6 3. Nc3 d5 4. cxd5 Nxd5 5. e4 Nxc3 6. bxc3 Bg7 7. Bb5+ c6 8. Ba4 O-O 9. Ne2 c5 10. O-O cxd4 11. cxd4 Nc6 12. Be3 Bg4 13. f3 Bd7 14. Rc1 Rc8 15. d5 Ne5 16. Bxd7 Qxd7 17. Qb3 b5 18. Nd4 a6 19. Bf2 Bh6 20. Rcd1 Rc4 21. Bg3 Bg7 22. Bxe5 Bxe5 23. Nc6 Bf4 24. g3 Bh6 25. Rf2 Qd6 26. Kg2 e6 27. Rc2 exd5 28. exd5 Qc5 29. Rxc4 bxc4 30. Qc2 Re8 31. Rd4 c3 32. Rd3 Bd2 33. Rxd2 cxd2 34. Qxd2 h5 35. h4 Kh7 36. a3 Kg8 37. Nb4 a5 38. Nc6 a4 39. Nb4 Qe3 40. Qf2 Qxf2+ 41. Kxf2 Kf8 42. Nd3 Rc8 43. Ke3 Ke7 44. Kd4 Rc2 45. Nc5 Rg2 46. Nxa4 Rxg3 47. Ke4 Rh3 48. Nc5 Rxh4+ 49. f4 g5 50. Ke5 f6+ 51. Kd4 Rxf4+ 52. Kd3 h4 0-1


[Site "https://www.chess.com"]

[Event "Titled Tuesday Blitz March 01 Early 2022"]
[White "Agasarov, Benik"]
[Black "Rangel, Daniel"]
[WhiteFideId "13314823"]
[BlackFideId "2124475"]
[WhiteElo "2582"]
[BlackElo "2187"]
[Result "0-1"]
[Round "05"]
[TimeControl "180+1"]
[Date "2022.03.01"]
[WhiteClock "0:00:11"]
[BlackClock "0:00:16"]

1. e4 c6 2. d4 d5 3. Nc3 dxe4 4. Nxe4 Nf6 5. Bd3 Nbd7 6. Qe2 Nxe4 7. Qxe4 Nf6 8. Qe3 g6 9. Nf3 Bg7 10. O-O O-O 11. h3 Be6 12. Re1 Qd7 13. Ne5 Qc7 14. c3 Rac8 15. Qg3 c5 16. Be3 Nd5 17. Rad1 Nxe3 18. Rxe3 cxd4 19. cxd4 Bxa2 20. Ra1 Bd5 21. Rxa7 e6 22. Ra1 Rfd8 23. h4 Qb6 24. h5 Qxd4 25. hxg6 hxg6 26. Nxf7 Kxf7 27. Qxg6+ Kf8 28. Rae1 Qf6 29. Qg4 Bh6 30. Rg3 Ke7 31. Qb4+ Rd6 32. Rg6 Qf4 33. Qa3 Rc1 34. Qa5 Rxe1+ 35. Qxe1 Qc1 36. Qxc1 Bxc1 37. b4 Ba3 38. b5 Bc5 39. Rh6 Bxg2 40. Rh7+ Kf6 41. Kxg2 Rxd3 42. Rxb7 Rd2 43. Rc7 Bxf2 44. Rc8 Bd4+ 45. Kf3 Ke5 46. Rc6 Rb2 47. Rc1 Rb3+ 48. Ke2 Rxb5 49. Kd3 Rb3+ 50. Kc4 Rc3+ 51. Rxc3 Bxc3 52. Kxc3 Kf4 53. Kd2 Kf3 54. Ke1 e5 55. Kf1 e4 56. Ke1 Ke3 57. Kf1 Kd2 58. Kf2 e3+ 59. Kg2 e2 60. Kh2 e1=Q 61. Kg2 Qe5 62. Kh1 Qg5 63. Kh2 Ke2 64. Kh3 Kf1 65. Kh2 Qh4# 0-1


[Site "https://www.chess.com"]